 Dungeon Crawl Stone Soup version 0.32-a0-673-g3729bd50f8 (webtiles) character file.

Game seed: 9492375513720111508

95 backslashecho the Conjurer (level 4, -8/24 HPs)
             Began as a Deep Elf Conjurer on Mar 10, 2024.
             Mangled by a sleepcap (16 damage)
             ... on level 4 of the Dungeon.
             The game lasted 00:04:14 (2848 turns).

backslashecho the Conjurer (Deep Elf Conjurer)      Turns: 2848, Time: 00:04:15

Health: -8/24      AC:  3    Str:  4    XL:     4   Next: 40%
Magic:  10/12      EV:  2    Int: 25    God:
Gold:   120        SH:  0    Dex: 13    Spells: 10/11 levels left

rFire   . . .        e - +0 dagger (protect)
rCold   . . .        p - +0 buckler
rNeg    . . .        c - +0 leather armour
rPois   .            (no helmet)
rElec   .            (no cloak)
rCorr   .            (no gloves)
SInv    .            (no boots)
Will    +....        (no amulet)
Stlth   ++           d - ring of willpower
HPRegen 0.24/turn    (no ring)
MPRegen 0.13/turn

%: no passive effects
@: sleeping
A: no striking features
a: no special abilities


You were on level 4 of the Dungeon.
You visited 1 branch of the dungeon, and saw 4 of its levels.

You collected 120 gold pieces.

Inventory:

Hand Weapons
 e - a +0 dagger of protection (weapon)
Armour
 c - a +0 leather armour (worn)
 p - a +0 buckler (worn)
Magical Staves
 n - a staff of air
Jewellery
 d - a ring of willpower (left hand)
Scrolls
 h - a scroll of torment {unknown}
 i - a scroll of amnesia {unknown}
 k - 2 scrolls of vulnerability
 l - 2 scrolls of identify
 m - a scroll of brand weapon {unknown}
 o - a scroll of fog {unknown}
 q - a scroll of immolation {unknown}
Potions
 a - a potion of heal wounds {unknown}
 b - a potion of magic
 f - 2 potions of might {unknown}
 g - a potion of ambrosia {unknown}
 j - 2 potions of haste {unknown}
 r - a potion of attraction {unknown}
 s - a potion of curing {unknown}


   Skills:
 + Level 3.9 Dodging
 - Level 2.4 Stealth
 + Level 4.3 Spellcasting
 + Level 5.1 Conjurations


You had 10 spell levels left.
You knew the following spells:

 Your Spells              Type           Power      Damage    Failure   Level
a - Magic Dart            Conj           100%       1d8       3%          1

Your spell library contained the following spells:

 Spells                   Type           Power      Damage    Failure   Level
 Searing Ray              Conj           62%        2d6       6%          2
 Ensorcelled Hibernation  Hex/Ice        10%        N/A       43%         2
 Passwall                 Erth           5%         N/A       67%         3
 Swiftness                Air            5%         N/A       67%         3
 Fulminant Prism          Conj/Alch      9%         3d6       73%         4
 Iskenderun's Mystic Bla  Conj/Tloc      18%        2d6       73%         4


Dungeon Overview and Level Annotations

Branches:
Dungeon (4/15)
 Temple: D:4-7

Altars:


Message History

You climb downwards.
There is a stone staircase leading up here.
You now have 101 gold pieces (gained 18).
A giant cockroach comes into view.
Casting: Magic Dart (safe; 3% risk of failure)
Confirm with . or Enter, or press ? or * to list all spells.
Aiming: Magic Dart (safe; 3% risk of failure)
Press: ? - help, Shift-Dir - straight line, f - giant cockroach
Aim: a giant cockroach (wandering, hasn't noticed you, 100% to hit)
The magic dart hits the giant cockroach.
The giant cockroach is heavily wounded.
You now have 11/12 mp.
Casting: Magic Dart (safe; 3% risk of failure)
Confirm with . or Enter, or press ? or * to list all spells.
Aiming: Magic Dart (safe; 3% risk of failure)
Press: ? - help, Shift-Dir - straight line, f/p - giant cockroach
Aim: a giant cockroach (heavily wounded, 100% to hit)
The magic dart hits the giant cockroach.
You kill the giant cockroach!
You now have 10/12 mp.
Found a stone staircase leading down.
Casting: Magic Dart (safe; 3% risk of failure)
Confirm with . or Enter, or press ? or * to list all spells.
You can't see any susceptible monsters within range! (Use Z to cast anyway.)
You pick up a book of Burglary and begin reading...
You add the spells Ensorcelled Hibernation, Swiftness and Passwall to your library.
Found a cyan potion.
Found 19 gold pieces.
MP restored: 12
s - a cyan potion You now have 120 gold pieces (gained 19).
Found an emerald ring.
A malevolent force fills the Dungeon... and a teleportation trap spontaneously manifests!
You are yanked towards some nearby monsters!
Your surroundings seem slightly different.
A ball python, an endoplasm, a sleepcap and a goblin come into view.
Found 11 gold pieces.
The ball python hisses angrily.
The goblin shouts!
The endoplasm quivers.
Unknown command.
Unknown command.
Casting: Magic Dart (safe; 3% risk of failure)
Confirm with . or Enter, or press ? or * to list all spells.
Aiming: Magic Dart (safe; 3% risk of failure)
Press: ? - help, Shift-Dir - straight line, f - ball python
Aim: a ball python (100% to hit)
The magic dart hits the ball python.
The ball python is severely wounded.
The ball python barely misses you. The ball python grabs you.
The ball python constricts you.
You now have 11/12 mp.
You escape the ball python's grasp.
Casting: Magic Dart (safe; 3% risk of failure)
Confirm with . or Enter, or press ? or * to list all spells.
Aiming: Magic Dart (safe; 3% risk of failure)
Press: ? - help, Shift-Dir - straight line, f/p - ball python
Aim: a ball python (severely wounded, 100% to hit)
The magic dart hits the ball python.
You kill the ball python!
You now have 10/12 mp.
Casting: Magic Dart (safe; 3% risk of failure)
Confirm with . or Enter, or press ? or * to list all spells.
Aiming: Magic Dart (safe; 3% risk of failure)
Press: ? - help, Shift-Dir - straight line, f - endoplasm
Aim: an endoplasm (100% to hit)
You miscast Magic Dart.
You are very lightly contaminated with residual magic.
Nothing appears to happen.
You now have 9/12 mp.
The endoplasm freezes you.
You are frozen.
The sleepcap attacks as it pursues you! The sleepcap releases spores at you.
You are engulfed in a cloud of soporific spores!
You fall asleep.
The endoplasm freezes you.
You are frozen.
You wake up.
You take 9 damage, and have 15/24 hp.
MASSIVE DAMAGE!!
Unknown command.
Unknown command.
The sleepcap attacks as it pursues you! The sleepcap releases spores at you.
You are engulfed in a cloud of soporific spores!
You are unaffected.
You take 3 damage, and have 12/24 hp.
The sleepcap attacks as it pursues you! The sleepcap closely misses you.
Press: ? - help, v - describe, . - travel
Here: a sleepcap The floor.
Unknown command.
Unknown command.
As you read the scroll labelled LERHUWUSTROMU, it crumbles to dust.
It is a scroll of identify.
k - 2 scrolls of vulnerability The sleepcap misses you.
Your magical contamination has completely faded away.
The sleepcap attacks as it pursues you! The sleepcap releases spores at you.
You are engulfed in a cloud of soporific spores!
You fall asleep.
The sleepcap releases spores at you!
Ouch! That really hurt!
You die...

#.......<.....# ###.
.###<. #...###......##
......
##..#...#.....### ...
#....
#.....##.....#.####..#
#....
#....###............#
#....
.....#.............# #
##..#..............# #
#
#.###.............##.#
#######.@.........
##~~~~###fJ....#
###~~~~~~###g...##
...~~.....g.....#
..~~...........##
.~....~~......##
.~..~~..~........
..~~....~..=...##
.....⌠~~........#


You could see a sleepcap, an endoplasm and a goblin.

Vanquished Creatures
  A bombardier beetle (D:3)
  An adder (D:3)
  3 dart slugs
  A ribbon worm (D:2)
  3 endoplasms (D:3)
  2 giant cockroaches
  3 goblins
  2 hobgoblins
  7 jackals
  4 quokkas
  3 ball pythons
  5 bats
  2 frilled lizards (D:1)
  7 kobolds
  3 rats
47 creatures vanquished.

Notes
Turn   | Place    | Note
-------+----------+-------------------------------------------
     0 | D:1      | backslashecho the Deep Elf Conjurer began the quest for the
                  | Orb.
     0 | D:1      | Reached XP level 1. HP: 10/10 MP: 6/6
   267 | D:1      | Reached XP level 2. HP: 11/15 MP: 2/8
   355 | D:1      | Found a faded altar of an unknown god.
  1097 | D:2      | Reached XP level 3. HP: 19/19 MP: 2/10
  2133 | D:3      | Reached skill level 5 in Conjurations
  2486 | D:3      | Reached XP level 4. HP: 24/24 MP: 3/12
  2848 | D:4      | Mangled by a sleepcap

Illustrated notes

Levels and vault maps discovered:
D:1:      ncdulo_smallfort, layout_loops_cross,
          shapermc_ecumenical_altar_mp_urbaneastern
D:2:      layout_loops_ring
D:3:      layout_loops_ring
D:4:      cheibrodos_helix_gallery, layout_cave_pools, serial_shops,
          nicolae_shop_hallway_plus

Skill      XL: |  1  2  3 |
---------------+----------+-----
Dodging        | 3 |  3.9
Spellcasting   | 4 |  4.3
Conjurations   | 5 |  5.1
Stealth        | |  2.4

Action                     |  1- 3 |  4- 6 || total
---------------------------+-------+-------++-------
  Melee: Dagger            |    15 |       ||    15
   Cast: Magic Dart        |    89 |     8 ||    97
    Use: Scroll            |       |     1 ||     1
 Armour: Leather armour    |    15 |     5 ||    20
  Dodge: Dodged            |    20 |     4 ||    24
  Block: Buckler           |     2 |       ||     2

Table legend: (Time is in decaauts)
 A = Elapsed time spent in this place.
 B = Non-inter-level travel time spent in this place.
 C = Inter-level travel time spent in this place.
 D = Time resting spent in this place.
 E = Time spent auto-exploring this place.
 F = Levels seen in this place.
 G = Mean time per level.
                   A        B        C        D        E       F      G
               +--------+--------+--------+--------+--------+-----+--------+
         Total |   2849 |   2659 |    190 |      0 |   2277 |   4 |  712.2 |
       Dungeon |   2849 |   2659 |    190 |      0 |   2277 |   4 |  712.2 |
               +--------+--------+--------+--------+--------+-----+--------+

Top non-repeatable levels by time:
     D:2: 968 daAuts
     D:3: 937 daAuts
     D:1: 887 daAuts
     D:4: 57 daAuts
